 Dungeon Crawl Stone Soup version 0.23-a0-375-g66a18ee (webtiles) character file.

28 RoseArtemis the Charmwright (level 2, 0/24 HPs)
             Began as a Demigod Skald on Oct 26, 2018.
             Succumbed to an adder's poison
             ... on level 1 of the Dungeon.
             The game lasted 00:03:16 (1360 turns).

RoseArtemis the Charmwright (Demigod Skald)         Turns: 1360, Time: 00:03:16

Health: 0/24       AC:  3    Str: 14    XL:     2   Next: 78%
Magic:  4/7        EV: 12    Int: 17    God:
Gold:   13         SH:  0    Dex: 15    Spells: 3/4 levels left

rFire    . . .     SeeInvis .   a - +0 mace
rCold    . . .     Gourm    .   (no shield)
rNeg     . . .     Faith    .   b - +0 leather armour
rPois    .         Spirit   .   (no helmet)
rElec    .         Reflect  .   (no cloak)
rCorr    .         Harm     .   (no gloves)
MR       .....                  (no boots)
Stlth    +.........             (no amulet)
HPRegen  0.08/turn              (no ring)
MPRegen  0.10/turn              (no ring)

@: lethally poisoned (0 -> -5), infused
A: high mp 1
a: no special abilities


You were on level 1 of the Dungeon.
You were hungry.

You visited 1 branch of the dungeon, and saw 2 of its levels.

You collected 13 gold pieces.

Inventory:

Hand Weapons
 a - a +0 mace (weapon)
Armour
 b - a +0 leather armour (worn)
Scrolls
 e - 2 scrolls of immolation {unknown}
 f - a scroll of enchant armour {unknown}
Comestibles
 d - 3 rations


   Skills:
 + Level 2.0 Fighting
 * Level 2.3 Maces & Flails
 + Level 1.3 Armour
 + Level 2.0 Dodging
 - Level 1.7 Spellcasting
 + Level 2.9 Charms


You had 3 spell levels left.
You knew the following spells:

 Your Spells              Type           Power        Failure   Level  Hunger
a - Infusion              Chrm           ##..         8%          1    #......

Your spell library contained the following spells:

 Spells                   Type           Power        Failure   Level  Hunger
 Song of Slaying          Chrm           ##......     11%         2    ###....
 Shroud of Golubria       Chrm/Tloc      #.........   21%         2    ###....
 Regeneration             Chrm/Necr      #.........   36%         3    ###....
 Spectral Weapon          Hex/Chrm       #.......     36%         3    ###....


Dungeon Overview and Level Annotations

Branches:
Dungeon (2/15)


Innate Abilities, Weirdness & Mutations

You have an increased reservoir of magic. (+10% MP)


Message History

Firing (i - inventory) No suitable missiles.
Aim: an adder
Okay, then.
Unknown command.
You extend your infusion's duration.
You are feeling hungry.
The adder bites you.
* * * LOW HITPOINT WARNING * * *
The adder bites you but does no damage.
You miss the adder. The adder closely misses you.
You miss the adder. The adder bites you.
* * * LOW HITPOINT WARNING * * *
You are lethally poisoned!
The adder poisons you! The adder bites you.
* * * LOW HITPOINT WARNING * * *
You miss the adder.
* * * LOW HITPOINT WARNING * * *
You feel sick. The adder barely misses you. The adder closely misses you.
You sock the adder!
You die...

#######.# #.......#
##.####.##### ###########
#..........# #.........#
#######.###.# ##.........#
#....)....#.# ...........#
#.##......#.#
...........#####.##.#....#.#
...............S@##.#.#..#.#
...###.##.###.##.##......#.#
(.(# #.##.###.##.#######.#.#
##.# #.#.......#.#.........#
##.###.###...###.#.#####.###
.....#.# #...# #.#.......#
.....#.# #...# #.#.#######
.....#.# #...# #.########
.....#.###...# #........#


You could see an adder.

Vanquished Creatures
  A ball python (D:1)
  4 bats (D:1)
  A giant cockroach (D:1)
  4 goblins (D:1)
  3 hobgoblins (D:1)
  4 jackals (D:1)
  A frilled lizard (D:1)
  4 kobolds (D:1)
  3 rats (D:1)
25 creatures vanquished.

Notes
Turn   | Place    | Note
-------+----------+-------------------------------------------
     0 | D:1      | RoseArtemis the Demigod Skald began the quest for the Orb.
     0 | D:1      | Reached XP level 1. HP: 17/17 MP: 5/5
    55 | D:1      | Reached skill level 1 in Armour
   273 | D:1      | Reached XP level 2. HP: 8/24 MP: 7/7
  1359 | D:1      | HP: 1/24 [poisoned by an adder]
  1360 | D:1      | Succumbed to an adder's poison

Vault maps used:
D:1:      dpeg_arrival_rhombus
D:2:      nicolae_overflow_crystal_walls, serial_curves, eino_curves_03,
          eino_curves_03

Skill      XL: |  1  2 |
---------------+-------+-----
Armour         | 1 |  1.3
Maces & Flails | 2 |  2.3
Dodging        | 2 |  2.0
Fighting       | 2 |  2.0
Spellcasting   | |  1.7
Charms         | |  2.9

Action                   || total
-------------------------++-------
Melee: Mace              ||    74
 Cast: Infusion          ||     3
 Stab: Sleeping          ||     6
  Eat: Chunk             ||     1
Armor: Leather armour    ||    17
Dodge: Dodged            ||    66

Table legend:
 A = Non-vault XP
 B = Vault XP
 C = Vault XP percentage of total XP
 D = Non-vault monster count
 E = Vault monster count
 F = Vault count percentage of total count
                 A         B        C        D         E       F
            +---------+---------+-------+---------+---------+-------
      Total |      41 |       0 |   0.0 |      25 |       0 |   0.0
            +---------+---------+-------+---------+---------+-------
        D:1 |      41 |       0 |   0.0 |      25 |       0 |   0.0
            +---------+---------+-------+---------+---------+-------
